 Dungeon Crawl Stone Soup version 0.27-a0-836-gfc908b8576 (webtiles) character file.

Game seed: 6085233558963015790

4 Alarkh the Skirmisher (level 1, -2/18 HPs)
             Began as a Demonspawn Monk on Apr 1, 2021.
             Slain by a jackal (3 damage)
             ... on level 1 of the Dungeon.
             The game lasted 00:00:14 (95 turns).

Alarkh the Skirmisher (Demonspawn Monk)               Turns: 95, Time: 00:00:14

Health: -2/18      AC:  2    Str: 11    XL:     1   Next: 50%
Magic:  1/1        EV: 12    Int: 11    God:
Gold:   0          SH:  0    Dex: 15    Spells: 0/0 levels left

rFire    . . .     SeeInvis .     - Unarmed
rCold    . . .     Faith    .   (no shield)
rNeg     . . .     Spirit   .   a - +0 robe
rPois    .         Reflect  .   (no helmet)
rElec    .         Harm     .   (no cloak)
rCorr    .         Rampage  .   (no gloves)
Will     .....                  (no boots)
Stlth    ++........             (no amulet)
HPRegen  0.06/turn              (no ring)
MPRegen  0.07/turn              (no ring)

@: no status effects
A: no striking features
a: no special abilities


You were on level 1 of the Dungeon.
You visited 1 branch of the dungeon, and saw 1 of its levels.

Inventory:

Armour
 a - a +0 robe (worn)
Scrolls
 b - a scroll of amnesia {unknown}


   Skills:
 + Level 3.1 Fighting
 - Level 2.6 Dodging
 - Level 1.7 Stealth
 * Level 2.9 Unarmed Combat


You couldn't memorise any spells.
You didn't know any spells.
Your spell library was empty.

Dungeon Overview and Level Annotations

Branches:
Dungeon (1/15)

Altars:


Message History

The jackal closely misses you.
You hit the jackal.
The jackal is severely wounded.
The jackal barely misses you. The jackal bites you.
* * * LOW HITPOINT WARNING * * *
The giant cockroach bites you but does no damage.
You hit the jackal.
You kill the jackal!
The giant cockroach bites you but does no damage.
The jackal bites you.
* * * LOW HITPOINT WARNING * * *
You barely miss the giant cockroach.
The giant cockroach is moderately wounded.
The giant cockroach bites you but does no damage.
The giant cockroach misses you.
You barely miss the giant cockroach.
The giant cockroach is moderately wounded.
The giant cockroach barely misses you.
You hit the giant cockroach but do no damage.
The giant cockroach is moderately wounded.
The giant cockroach closely misses you.
You hit the giant cockroach but do no damage.
The giant cockroach is moderately wounded.
The giant cockroach closely misses you.
You barely miss the giant cockroach.
The giant cockroach is moderately wounded.
The giant cockroach closely misses you.
You hit the giant cockroach.
You kill the giant cockroach!
The jackal bites you but does no damage.
You hit the jackal.
The jackal is heavily wounded.
The jackal barely misses you.
You closely miss the jackal.
The jackal is heavily wounded.
The jackal bites you but does no damage.
You closely miss the jackal.
The jackal is heavily wounded.
The jackal bites you.
You die...

.......gB.......≈≈≈≈#...
...#...J.##....≈≈≈#+###.
. ########....≈≈≈+ +.
##...≈≈≈+ ## ###J..≈≈≈#
#.....≈≈≈≈≈≈
#†#...≈≈≈≈≈≈
#.########.#...≈≈≈≈≈≈≈
#......@hgJ.#.........
##########...........
#.####...## #.. ...#
#### #.#


You could see an endoplasm, a jackal and a goblin.

Vanquished Creatures
  An endoplasm (D:1)
  A giant cockroach (D:1)
  A jackal (D:1)
3 creatures vanquished.

Notes
Turn   | Place    | Note
-------+----------+-------------------------------------------
     0 | D:1      | Alarkh the Demonspawn Monk began the quest for the Orb.
     0 | D:1      | Reached XP level 1. HP: 18/18 MP: 1/1
    95 | D:1      | Slain by a jackal

Illustrated notes

Levels and vault maps discovered:
D:1:      dpeg_arrival_castle, layout_loops_ring, cheibriados_altar_1

Action                   || total
-------------------------++-------
Melee: Unarmed           ||    27
Armor: Robe              ||     8
Dodge: Dodged            ||    41

Table legend: (Time is in decaauts)
 A = Elapsed time spent in this place.
 B = Non-inter-level travel time spent in this place.
 C = Inter-level travel time spent in this place.
 D = Time resting spent in this place.
 E = Time spent auto-exploring this place.
 F = Levels seen in this place.
 G = Mean time per level.
                   A        B        C        D        E       F      G
               +--------+--------+--------+--------+--------+-----+--------+
         Total |     95 |     95 |      0 |      0 |     45 |   1 |   95.0 |
       Dungeon |     95 |     95 |      0 |      0 |     45 |   1 |   95.0 |
               +--------+--------+--------+--------+--------+-----+--------+

Top non-repeatable levels by time:
     D:1: 95 daAuts
